 Dungeon Crawl Stone Soup version 0.26-a0-660-gc07710193c (webtiles) character file.

Game seed: 4350917627211622322

6124 polo the Cleaver (level 10, -1/97 HPs)
             Began as a Hill Orc Fighter on Oct 6, 2020.
             Slain by a komodo dragon (8 damage)
             ... on level 9 of the Dungeon.
             The game lasted 00:08:28 (7699 turns).

polo the Cleaver (Hill Orc Fighter)                 Turns: 7699, Time: 00:08:28

Health: -1/97      AC: 13    Str: 23    XL:     10   Next: 89%
Magic:  10/10      EV:  7    Int:  8    God:
Gold:   625        SH: 10    Dex: 10    Spells: 9/9 levels left

rFire    . . .     SeeInvis +   a - +2 hand axe (elec)
rCold    . . .     Faith    .   c - +0 kite shield
rNeg     . . .     Spirit   .   o - +0 chain mail
rPois    .         Reflect  .   (no helmet)
rElec    .         Harm     .   (no cloak)
rCorr    .         Rampage  .   q - +0 pair of gloves
MR       +....                  e - +1 pair of boots
Stlth    ..........             (no amulet)
HPRegen  0.26/turn              b - ring of see invisible
MPRegen  0.12/turn              H - ring of protection from magic

@: no status effects
A: no striking features
a: no special abilities


You were on level 9 of the Dungeon.
You visited 2 branches of the dungeon, and saw 10 of its levels.
You also visited: Ossuary.

You collected 625 gold pieces.

Inventory:

Hand Weapons
 a - a +2 hand axe of electrocution (weapon)
Missiles
 v - 10 curare-tipped darts (quivered)
 G - 2 boomerangs
Armour
 c - a +0 kite shield (worn)
 e - a +1 pair of boots (worn)
 o - a +0 chain mail (worn)
 q - a +0 pair of gloves (worn)
Jewellery
 b - a ring of see invisible (left hand)
 C - an uncursed ring of protection from fire
 H - a ring of protection from magic (right hand)
Wands
 p - a wand of paralysis (15)
 x - a wand of random effects (15)
 I - a wand of disintegration (14)
Scrolls
 f - 2 scrolls of blinking {unknown}
 g - 3 scrolls of magic mapping {unknown}
 h - a scroll of noise {unknown}
 i - 10 scrolls of identify {unknown}
 k - 6 scrolls of remove curse {unknown}
 l - 4 scrolls of fog {unknown}
 m - 2 scrolls of enchant weapon {unknown}
 s - 2 scrolls of fear {unknown}
 t - a scroll of random uselessness {unknown}
 y - a scroll of enchant armour {unknown}
 F - 3 scrolls of teleportation {unknown}
 J - a scroll of torment {unknown}
Potions
 d - 4 potions of might
 j - a potion of resistance {unknown}
 n - 7 potions of heal wounds {unknown}
 r - 3 potions of magic {unknown}
 u - 4 potions of stabbing {unknown}
 w - 3 potions of brilliance {unknown}
 z - a potion of cancellation {unknown}
 A - 4 potions of lignification {unknown}
 B - a potion of flight {unknown}
 D - 2 potions of degeneration {unknown}
 E - 5 potions of curing {unknown}
 K - a potion of mutation {unknown}


   Skills:
 - Level 12.0 Fighting
 - Level 14.0 Axes
 + Level 5.2 Armour
 + Level 2.8 Dodging
 + Level 5.2 Shields


You had 9 spell levels left.
You didn't know any spells.
Your spell library contained the following spells:

 Spells                   Type           Power        Failure   Level
 Apportation              Tloc           #.....       100%        1
 Ensorcelled Hibernation  Hex/Ice        #.....       100%        2
 Lesser Beckoning         Tloc           #.........   100%        3
 Ozocubu's Armour         Ice            #.......     100%        3
 Irradiate                Conj/Tmut      #.........   100%        5
 Summon Forest            Summ/Tloc      #.........   100%        5
 Freezing Cloud           Conj/Ice/Air   #.........   100%        6
 Hydra Form               Tmut           #.........   100%        6
 Statue Form              Tmut/Erth      #........    100%        6
 Dragon Form              Tmut           #.........   100%        7


Dungeon Overview and Level Annotations

Branches:
Dungeon (9/15)             Temple (1/1) D:6         Ossuary (visited)
   Lair: D:8-11         Orc: D:9-12

Altars:
Ashenzari
Dithmenos
Elyvilon
Fedhas
Gozag
Hepliaklqana
Kikubaaqudgha
Makhleb
Okawaru
Qazlal
Ru
Sif Muna
Trog
Uskayaw
Vehumet
Wu Jian
Xom
Yredelemnul
Zin
The Shining One

Shops:
D:4 (   D:5 (*(:   D:6 [   D:8 [


Message History

You hit the komodo dragon.
The komodo dragon is heavily wounded.
The komodo dragon bites you but does no damage.
You hit the komodo dragon.
The komodo dragon is heavily wounded.
You slash the komodo dragon!
The komodo dragon is severely wounded.
The komodo dragon bites you!!
* * * LOW HITPOINT WARNING * * *
You hit the komodo dragon but do no damage.
Lightning courses through the komodo dragon!
The komodo dragon is severely wounded.
The komodo dragon bites you!
* * * LOW HITPOINT WARNING * * *
You barely miss the komodo dragon.
The komodo dragon is severely wounded.
You closely miss the komodo dragon.
The komodo dragon is severely wounded.
The komodo dragon bites you!
You die...

#.....# #.#+###'#.#
+## #.........# ...
#####.#########.#####
#.#.#.##.........#
#.#.#.#.#.#.#.#.#.#
#.#.#.#.#..#.#.#..# .
.#.#.##.#[l...#
#.#.#.#.#((.#@..#...
. .#.#.#(#.#†....#
#.#.#.#.#.#..#.#.#..#
.#.#.#.##.#.#.#.#.#
#.#.#. #.........
.### #####.##### ..
... .# ###


You could see a komodo dragon.

Vanquished Creatures
  A two-headed ogre (D:8)
  Joseph (D:7)
  2 trolls (D:9)
  Prince Ribbit (D:7)
  Grinder (D:6)
  2 wyverns (D:8)
  2 water moccasins
  Duvessa (D:7)
  A phantom (D:9)
  2 black bears
  An ice beast (D:7)
  3 sky beasts
  6 ogres
  3 centaurs
  2 big kobolds
  An elf zombie (D:5)
  4 bullfrogs (D:6)
  2 elf skeletons (D:5)
  A wyvern zombie (D:9)
  Dowan (D:7)
  2 howler monkeys
  2 centaur zombies (Ossuary)
  6 bullfrog zombies
  A jelly (D:8)
  2 bullfrog skeletons (D:4)
  8 hounds
  3 human zombies (D:5)
  6 iguanas
  5 orc wizards
  7 worker ants
  A killer bee zombie (Ossuary)
  A centaur simulacrum (D:9)
  2 hound zombies (Ossuary)
  13 mummies (Ossuary)
  4 worker ant zombies (Ossuary)
  A gnoll (D:1)
  7 adders
  A howler monkey skeleton (D:4)
  2 shadow imps (D:6)
  A white imp (D:7)
  2 ufetubi
  An ooze (D:5)
  5 adder zombies
  2 adder skeletons
  5 worms
  2 leopard geckos
  13 orcs
  4 giant cockroaches
  4 hobgoblins
  10 jackals
  14 kobolds
  A quokka (D:3)
  7 bats
  3 frilled lizards
  2 giant cockroach zombies (Ossuary)
  3 goblins
  A jackal zombie (Ossuary)
  A leopard gecko zombie (Ossuary)
  2 quokka zombies (Ossuary)
  6 rats
201 creatures vanquished.

Vanquished Creatures (others)
  3 plants (D:2)
  3 withered plants (Ossuary)
6 creatures vanquished.

Grand Total: 207 creatures vanquished

Notes
Turn   | Place    | Note
-------+----------+-------------------------------------------
     0 | D:1      | polo the Hill Orc Fighter began the quest for the Orb.
     0 | D:1      | Reached XP level 1. HP: 19/19 MP: 1/1
   191 | D:1      | Reached skill level 3 in Axes
   392 | D:1      | Reached XP level 2. HP: 27/27 MP: 2/2
   695 | D:1      | Reached skill level 4 in Axes
   739 | D:1      | Reached XP level 3. HP: 33/33 MP: 3/3
  1088 | D:2      | Reached XP level 4. HP: 33/41 MP: 4/4
  1474 | D:3      | Found a white marble altar of Elyvilon.
  1588 | D:3      | Found an iron altar of Okawaru.
  1672 | D:3      | Reached skill level 5 in Axes
  1690 | D:3      | Noticed an ogre
  1694 | D:3      | Killed an ogre
  1694 | D:3      | Reached skill level 5 in Fighting
  1694 | D:3      | Reached skill level 6 in Axes
  1694 | D:3      | Reached XP level 5. HP: 48/48 MP: 5/5
  2220 | D:4      | Found a hazy altar of Hepliaklqana.
  2235 | D:4      | Reached XP level 6. HP: 52/56 MP: 6/6
  2324 | D:4      | Reached skill level 7 in Axes
  2325 | D:4      | Found Suwkukke's Antique Weapon Boutique.
  3083 | D:5      | Entered Level 5 of the Dungeon
  3111 | D:5      | Reached skill level 8 in Axes
  3111 | D:5      | Reached XP level 7. HP: 63/63 MP: 7/7
  3197 | D:5      | Found Geiwan's Antique Weapon Boutique.
  3235 | D:5      | Found Lobbyehah's Book Shoppe.
  3464 | D:5      | Reached skill level 9 in Axes
  3495 | D:5      | Found a sand-covered staircase.
  3506 | D:5      | Reached XP level 8. HP: 60/73 MP: 8/8
  3510 | Ossuary  | Entered an ossuary
  3601 | Ossuary  | Reached skill level 10 in Axes
  4060 | D:5      | Reached skill level 11 in Axes
  4073 | D:5      | Found Kikkionu's General Store.
  4147 | D:5      | Found a basalt altar of Yredelemnul.
  4181 | D:5      | Found Yluloes's Antique Weapon Shoppe.
  4538 | D:6      | Noticed Grinder
  4550 | D:6      | Killed Grinder
  4550 | D:6      | Reached skill level 12 in Axes
  4550 | D:6      | Reached XP level 9. HP: 75/82 MP: 9/9
  4710 | D:6      | Found a staircase to the Ecumenical Temple.
  5139 | D:6      | Reached skill level 13 in Axes
  5144 | D:6      | Found Cedaone's Armour Shoppe.
  5329 | Temple   | Entered the Ecumenical Temple
  5400 | D:7      | Noticed Duvessa
  5400 | D:7      | Noticed Dowan
  5406 | D:7      | Killed Dowan
  5409 | D:7      | Killed Duvessa
  5476 | D:7      | Noticed Prince Ribbit
  5495 | D:7      | Killed Prince Ribbit
  5739 | D:7      | Identified the Papyrus of Displaced Cold
  5774 | D:7      | Reached skill level 10 in Fighting
  5895 | D:7      | Reached skill level 14 in Axes
  5969 | D:7      | Noticed Joseph
  5982 | D:7      | Killed Joseph
  5982 | D:7      | Reached XP level 10. HP: 61/94 MP: 10/10
  6375 | D:8      | Found Pekinif's Antique Armour Emporium.
  6438 | D:8      | Found a burning altar of Makhleb.
  6438 | D:8      | Found a blossoming altar of Fedhas.
  6461 | D:8      | Found a shimmering altar of Xom.
  7201 | D:8      | Noticed a two-headed ogre
  7206 | D:8      | Killed a two-headed ogre
  7206 | D:8      | Reached skill level 1 in Dodging
  7656 | D:9      | Reached skill level 5 in Armour
  7656 | D:9      | Reached skill level 5 in Shields
  7699 | D:9      | Slain by a komodo dragon

Illustrated notes

Levels and vault maps discovered:
D:1:      lemuel_arrival_hallway, layout_loops_corners, kennysheep_crisscross,
          kennysheep_decorative_pillar
D:2:      layout_rooms, grunt_ministairs_7, guppyfry_early_lair_pool
D:3:      layout_loops_ring, lemuel_round_altar, elyvilon_altar_4
D:4:      layout_rooms, lemuel_crystal_altar, serial_shops, shop,
          minmay_statues_item, minmay_joined_circles
D:5:      layout_gridville, kennysheep_mini_moat,
          nicolae_ossuary_entry_catacombs, serial_shops,
          nicolae_shop_temple_entry_statues_fountains,
          nicolae_shop_window_shopping, nicolae_shop_crystal, shop
D:6:      layout_cave_pools, minmay_temple_entry_trees, serial_shops, shop,
          chequers_serial_rivers_marsh, uniq_grinder
D:7:      layout_cave_pools, uniq_duvessa, uniq_prince_ribbit1, uniq_joseph
D:8:      layout_rooms, grunt_temple_overflow_open, serial_shops, shop,
          corexii_corridor_pit
D:9:      minmay_the_grid_4x2 [minmay_the_grid_stretched_grid,
          minmay_the_grid_gridbox, minmay_the_grid_broken_lines,
          minmay_the_grid_doors, minmay_the_grid_minigrid_large,
          minmay_the_grid_outer_diamond, minmay_the_grid_minigrid_small,
          minmay_the_grid_prize_shrinking_boxes], layout_loops_corners,
          cheibriados_altar_1, nemelex_xobeh_ov_fountains_minmay
Temple:   cyrus_circular_temple

Skill      XL: |  1  2  3  4  5  6  7  8  9 10 |
---------------+-------------------------------+-----
Axes           | 3 4 6 8 9 12 14 | 14.0
Fighting       | 4 5 6 7 8 10 12 | 12.0
Armour         | 5 |  5.2
Dodging        | 2 |  2.8
Shields        | 5 |  5.2

Action                   |  1- 3 |  4- 6 |  7- 9 | 10-12 || total
-------------------------+-------+-------+-------+-------++-------
Melee: Hand axe          |    60 |   132 |   352 |   166 ||   710
       War axe           |     8 |       |       |       ||     8
Armor: Scale mail        |    39 |       |       |       ||    39
       Chain mail        |       |    54 |   135 |    45 ||   234
Dodge: Dodged            |    22 |    27 |    47 |    29 ||   125
Block: Kite shield       |    33 |    57 |   113 |    62 ||   265

Table legend: (Time is in decaauts)
 A = Elapsed time spent in this place.
 B = Non-inter-level travel time spent in this place.
 C = Inter-level travel time spent in this place.
 D = Time resting spent in this place.
 E = Time spent auto-exploring this place.
 F = Levels seen in this place.
 G = Mean time per level.
                   A        B        C        D        E       F      G
               +--------+--------+--------+--------+--------+-----+--------+
         Total |   7613 |   7156 |    457 |     43 |   5872 |  11 |  692.1 |
       Dungeon |   7031 |   6584 |    447 |     43 |   5485 |   9 |  781.2 |
        Temple |     51 |     42 |      9 |      0 |     42 |   1 |   51.0 |
       Ossuary |    530 |    530 |      0 |      0 |    345 |   1 |  530.0 |
               +--------+--------+--------+--------+--------+-----+--------+

Top non-repeatable levels by time:
     D:4: 997 daAuts
     D:7: 961 daAuts
     D:8: 914 daAuts
     D:1: 899 daAuts
     D:5: 861 daAuts
     D:6: 827 daAuts
     D:3: 639 daAuts
     D:2: 569 daAuts
 Ossuary: 530 daAuts
     D:9: 361 daAuts
  Temple: 51 daAuts
